 Dungeon Crawl Stone Soup version 0.29-a0-375-g5102b3be25 (webtiles) character file.

Game seed: 10143567908180790073

1620 YayAnonymity the Basher (level 8, -3/74 HPs)
             Began as a Troll Berserker on May 4, 2022.
             Was a Priest of Trog.
             Slain by an unseen horror (9 damage)
             ... on level 6 of the Dungeon.
             The game lasted 00:10:51 (4549 turns).

YayAnonymity the Basher (Troll Berserker)           Turns: 4549, Time: 00:10:52

Health: -3/74      AC:  6    Str: 28    XL:     8   Next: 64%
Magic:  2/2        EV: 10    Int:  3    God:    Trog [***...]
Gold:   258        SH:  0    Dex:  9    Spells: 7/7 levels left

rFire   + . .      SeeInvis .   b - +2 flail (antimagic)
rCold   . . .      Faith    .   (no shield)
rNeg    . . .      Spirit   .   r - +0 animal skin
rPois   .          Reflect  .   (helmet restricted)
rElec   .          Harm     .   m - +1 cloak
rCorr   .          Rampage  .   (gloves unavailable)
Will    .....                   (boots unavailable)
Stlth   +.........              (no amulet)
HPRegen 1.02/turn               s - +4 ring of slaying
MPRegen 0.08/turn               v - ring of protection from fire

@: on berserk cooldown, slowed, very slow
A: large, unfitting armour, claws 3, regeneration 1, shaggy fur 1, tough skin 1
a: Renounce Religion, Berserk, Trog's Hand


You were on level 6 of the Dungeon.
You worshipped Trog.
Trog was most pleased with you.
You visited 1 branch of the dungeon, and saw 6 of its levels.

You collected 258 gold pieces.

Inventory:

Hand Weapons
 a - a +7 club
 b - a +2 antimagic flail (weapon)
 u - a +5 flail
 A - a +0 giant club
Missiles
 e - 7 poisoned darts (quivered)
 z - 3 large rocks
Armour
 m - a +1 cloak (worn)
 r - a +0 animal skin (worn)
Jewellery
 p - a +6 ring of strength
 s - a +4 ring of slaying (left claw)
 v - a ring of protection from fire (right claw)
Wands
 i - a wand of flame (11)
 x - a wand of acid (6)
 y - a wand of iceblast (7)
Scrolls
 f - a scroll of blinking
 k - 2 scrolls of teleportation
 l - a scroll of fear
 n - a scroll of enchant armour
 q - a scroll of vulnerability
 B - a scroll of poison {unknown}
Potions
 c - 2 potions of flight {unknown}
 d - 2 potions of berserk rage
 g - 4 potions of heal wounds {unknown}
 h - 5 potions of curing {unknown}
 j - a potion of ambrosia {unknown}
 o - 2 potions of might {unknown}
 t - a potion of mutation {unknown}
 w - 2 potions of degeneration {unknown}


   Skills:
 - Level 2.4 Fighting
 + Level 8.3 Maces & Flails
 + Level 3.9 Throwing
 - Level 5.0 Dodging


You had 7 spell levels left.
You didn't know any spells.
Your spell library was empty.

Dungeon Overview and Level Annotations

Branches:
Dungeon (6/15)
 Temple: D:4-7

Altars:
Cheibriados
Dithmenos
Elyvilon
Gozag
Qazlal
Zin

Shops:
D:1 *   D:2 !   D:3 *


Innate Abilities, Weirdness & Mutations

You are too large for most types of armour.
You have claws for hands.
Your natural rate of healing is unusually fast.
You are covered in fur. (AC +1)
You have tough skin. (AC +1)


Message History

You feel yourself moving faster!
You feel mighty! Something hits you.
* * * LOW HITPOINT WARNING * * *
Something hits you.
* * * LOW HITPOINT WARNING * * *
The ice beast closely misses you. The white imp closely misses you.
You hit the ice beast.
The ice beast is severely wounded.
Something hits you but does no damage. The white imp gestures at you.
The puff of frost misses you.
The ice beast hits you but does no damage.
You barely miss the ice beast.
The ice beast is severely wounded.
Something hits you.
* * * LOW HITPOINT WARNING * * *
You bludgeon the ice beast!!
You kill the ice beast!
Trog accepts your kill.
Something hits you but does no damage. x2
The white imp gestures at you. The puff of frost hits you!
* * * LOW HITPOINT WARNING * * *
You sock the white imp!
You kill the white imp!
Trog accepts your kill. Something hits you.
* * * LOW HITPOINT WARNING * * *
Something hits you but does no damage.
You feel a strong urge to attack something.
Something hits you but does no damage.
You see here a pink potion.
You miss something. Something hits you.
* * * LOW HITPOINT WARNING * * *
Something hits you!
* * * LOW HITPOINT WARNING * * *
You feel a strong urge to attack something.
You are no longer berserk.
You are exhausted.
You feel yourself slow down. Something hits you!
You die...

#......... ####.........
##############............
#...........##............
#..........$##....##...##.
#...........##....#.......
#.................#....###
#...........##....#...[#
#......!.@..##....#....###
#...........###.#........#
#######.##### #.#........#
#^# #.#........# ...
#.#........# ....
#.#........# .....
#.#........# ####.##
#..........#
#########.......#


There were no monsters in sight!

Vanquished Creatures
  Grinder (D:3)
  A steam dragon (D:4)
  Duvessa (D:4)
  A black bear (D:6)
  An ice beast (D:6)
  An ogre (D:6)
  A bullfrog (D:6)
  2 necrophages
  Dowan (D:4)
  A howler monkey (D:5)
  3 hounds
  A jelly (D:5)
  An orc priest (D:5)
  A gnoll shaman (D:5)
  Jessica (D:3)
  Ijyb (D:3)
  Terence (D:3)
  4 iguanas
  An orc wizard (D:5)
  8 gnolls
  8 adders
  4 white imps
  2 ufetubi
  4 worms
  4 dart slugs
  6 orcs
  4 endoplasms
  3 giant cockroaches
  4 goblins
  6 hobgoblins
  2 jackals (D:1)
  6 quokkas
  6 ball pythons
  8 bats
  3 frilled lizards
  3 kobolds
  2 rats
108 creatures vanquished.

Notes
Turn   | Place    | Note
-------+----------+-------------------------------------------
     0 | D:1      | YayAnonymity the Troll Berserker began the quest for the
                  | Orb.
     0 | D:1      | Reached XP level 1. HP: 22/22 MP: 0/0
    90 | D:1      | Reached skill level 3 in Maces & Flails
    90 | D:1      | Reached XP level 2. HP: 27/29 MP: 1/1
   127 | D:1      | Found Exaew's General Store.
   217 | D:1      | Found a faded altar of an unknown god.
   450 | D:1      | Reached ** piety under Trog
   539 | D:2      | Reached XP level 3. HP: 29/36 MP: 2/2
   706 | D:2      | Found Jool's Distillery.
   750 | D:2      | Reached XP level 4. HP: 44/44 MP: 3/3
   977 | D:3      | Noticed Ijyb
   984 | D:3      | Killed Ijyb
   991 | D:3      | Reached skill level 4 in Maces & Flails
  1010 | D:3      | Noticed Jessica
  1034 | D:3      | Killed Jessica
  1044 | D:3      | Noticed Grinder
  1052 | D:3      | Killed Grinder
  1053 | D:3      | Reached XP level 5. HP: 50/50 MP: 4/4
  1053 | D:3      | Reached XP level 6. HP: 59/59 MP: 5/5
  1245 | D:3      | Found a shadowy altar of Dithmenos.
  1347 | D:3      | Reached skill level 5 in Maces & Flails
  1414 | D:3      | Found Gerringy's Assorted Antiques.
  1460 | D:3      | Found a white marble altar of Elyvilon.
  1460 | D:3      | Found a glowing silver altar of Zin.
  1460 | D:3      | Found an opulent altar of Gozag.
  1540 | D:3      | Found a stormy altar of Qazlal.
  1559 | D:3      | Noticed Terence
  1580 | D:3      | Killed Terence
  2291 | D:4      | Noticed Duvessa
  2291 | D:4      | Noticed Dowan
  2300 | D:4      | Killed Duvessa
  2301 | D:4      | Reached skill level 5 in Dodging
  2301 | D:4      | Reached XP level 7. HP: 63/66 MP: 6/6
  2316 | D:4      | Killed Dowan
  2317 | D:4      | Reached skill level 6 in Maces & Flails
  2660 | D:4      | Noticed a steam dragon
  2770 | D:4      | Killed a steam dragon
  2931 | D:5      | Entered Level 5 of the Dungeon
  2949 | D:5      | Reached skill level 7 in Maces & Flails
  3141 | D:5      | Found a snail-covered altar of Cheibriados.
  3163 | D:5      | Reached skill level 1 in Throwing
  3758 | D:5      | Reached XP level 8. HP: 74/74 MP: 2/7
  4141 | D:6      | Reached *** piety under Trog
  4291 | D:6      | Reached skill level 8 in Maces & Flails
  4549 | D:6      | Slain by an unseen horror

Illustrated notes

Levels and vault maps discovered:
D:1:      psy_arrival_whirlpool, layout_basic,
          hellmonk_ecumenical_altar_prayer_group, serial_shops, shop
D:2:      layout_rooms, serial_shops, nicolae_shop_stone
D:3:      layout_loops_ring, mainiacjoe_overflow_boulevard,
          nicolae_overflow_hidden_temple, gammafunk_temple_overflow_claw,
          serial_shops, nicolae_shop_overgrown_old_shop, uniq_grinder,
          uniq_ijyb, uniq_terence, uniq_jessica
D:4:      layout_basic, uniq_duvessa
D:5:      layout_layer_cave, kennysheep_slug_shrine
D:6:      layout_basic

Skill      XL: |  1  2  3  4  5  6  7  8 |
---------------+-------------------------+-----
Maces & Flails | 3 4 5 7 8 |  8.3
Dodging        | 3 4 5 |  5.0
Throwing       | 1 3 |  3.9
Fighting       | |  2.4

Action                   |  1- 3 |  4- 6 |  7- 9 || total
-------------------------+-------+-------+-------++-------
Melee: Mace              |   104 |    27 |       ||   131
       Punch             |     1 |     1 |     2 ||     4
       Club              |       |    73 |    62 ||   135
       Flail             |       |       |    97 ||    97
Invok: Berserk           |       |     4 |     3 ||     7
       Trog's Hand       |       |       |     1 ||     1
  Use: Scroll            |       |     3 |     5 ||     8
 Stab: Sleeping          |       |     1 |     1 ||     2
Armor: Animal skin       |    31 |    19 |    57 ||   107
Dodge: Dodged            |    68 |    39 |   101 ||   208

Table legend: (Time is in decaauts)
 A = Elapsed time spent in this place.
 B = Non-inter-level travel time spent in this place.
 C = Inter-level travel time spent in this place.
 D = Time resting spent in this place.
 E = Time spent auto-exploring this place.
 F = Levels seen in this place.
 G = Mean time per level.
                   A        B        C        D        E       F      G
               +--------+--------+--------+--------+--------+-----+--------+
         Total |   4653 |   4457 |    196 |    217 |   3194 |   6 |  775.5 |
       Dungeon |   4653 |   4457 |    196 |    217 |   3194 |   6 |  775.5 |
               +--------+--------+--------+--------+--------+-----+--------+

Top non-repeatable levels by time:
     D:4: 1152 daAuts
     D:5: 1124 daAuts
     D:3: 923 daAuts
     D:1: 505 daAuts
     D:2: 487 daAuts
     D:6: 461 daAuts
